 Dungeon Crawl Stone Soup version 0.26.1-11-gd32895ea62 (webtiles) character file.

Game seed: 17926108075620431835

12353 promet the Blocker (level 11, -5/101 HPs)
             Began as a Minotaur Fighter on June 24, 2021.
             Was an Elder of Wu Jian.
             Slain by a manticore (7 damage)
             ... on level 12 of the Dungeon.
             The game lasted 01:07:21 (11516 turns).

promet the Blocker (Minotaur Fighter)              Turns: 11516, Time: 01:07:22

Health: -5/101     AC: 18    Str: 22    XL:     11   Next: 61%
Magic:  5/10       EV:  2    Int: 13    God:    Wu Jian [****..]
Gold:   850        SH: 30    Dex: 12    Spells: 10/10 levels left

rFire    . . .     SeeInvis +   a - +3 war axe (freeze)
rCold    . . .     Faith    .   c - +18 shield of the Gong {rElec rN+ Will+ EV-5}
rNeg     + . .     Spirit   .   i - +0 plate armour
rPois    .         Reflect  .   (helmet restricted)
rElec    +         Harm     .   E - +1 cloak
rCorr    .         Rampage  .   q - +1 pair of gloves
Will     +....                  (no boots)
Stlth    ..........             (no amulet)
HPRegen  0.26/turn              h - +6 ring of intelligence
MPRegen  0.12/turn              r - ring of see invisible

@: no status effects
A: retaliatory headbutt, horns 2, camouflage 1, strong 1, MP-powered wands
a: Renounce Religion, Wall Jump, Serpent's Lash


You were on level 12 of the Dungeon.
You worshipped Wu Jian.
Wu Jian was greatly pleased with you.
You visited 1 branch of the dungeon, and saw 13 of its levels.

You collected 850 gold pieces.

Inventory:

Hand Weapons
 a - a +3 war axe of freezing (weapon)
 b - a +0 hunting sling
 f - a +1 trident of flaming
 y - a +2 vampiric short sword
 C - a +0 rapier
 J - a +3 scimitar of flaming
Missiles
 d - 7 sling bullets
 e - 70 poisoned darts
 g - 230 stones
 k - 16 bolts
 A - 12 javelins
 F - 8 boomerangs of dispersal
 G - 5 silver boomerangs
 H - 3 atropa-tipped darts
 L - 7 curare-tipped darts (quivered)
 N - a throwing net
Armour
 c - the +18 shield of the Gong (worn) {rElec rN+ Will+ EV-5}
   (You acquired it on level 8 of the Dungeon)

   It affects your evasion (-5).
   It insulates you from electricity.
   It protects you from negative energy.
   It affects your willpower, your defense against some magical effects.
 i - a +0 plate armour (worn)
 q - a +1 pair of gloves (worn)
 E - a +1 cloak (worn)
Jewellery
 h - a +6 ring of intelligence (left hand)
 l - the ring of Day {rF+ MP+9 Dex+2}
   (You took it off an orc on level 12 of the Dungeon)

   [ring of magical power]

   It affects your dexterity (+2).
   It protects you from fire.
   It affects your magic capacity (+9).
 r - a ring of see invisible (right hand)
 x - an uncursed ring of resist corrosion
Wands
 o - a wand of acid (21)
 w - a wand of paralysis (11)
 B - a wand of disintegration (4)
 D - a wand of polymorph (3)
 I - a wand of flame (13)
 K - a wand of random effects (29)
Scrolls
 m - 15 scrolls of identify
 p - a scroll of fog
 s - a scroll of amnesia
 t - a scroll of teleportation
 M - a scroll of enchant weapon
Potions
 j - a potion of curing
 u - a potion of brilliance
 v - 2 potions of flight
 z - a potion of heal wounds


   Skills:
 * Level 10.3 Fighting
 + Level 4.6(4.7) Short Blades
 + Level 1.3(3.4) Long Blades
 + Level 10.1(10.7) Axes
 + Level 5.8(8.7) Maces & Flails
 + Level 6.0(6.5) Slings
 + Level 3.3(4.9) Throwing
 + Level 8.0 Armour
 + Level 4.0 Dodging
 + Level 2.0 Stealth
 + Level 10.6 Shields
 + Level 0.3 Evocations


You had 10 spell levels left.
You didn't know any spells.
Your spell library contained the following spells:

 Spells                   Type           Power        Failure   Level
 Animate Skeleton         Necr           0%           100%        1
 Apportation              Tloc           0%           100%        1
 Corona                   Hex            0%           100%        1
 Foxfire                  Conj/Fire      0%           100%        1
 Summon Small Mammal      Summ           0%           100%        1
 Conjure Flame            Conj/Fire      0%           100%        3
 Inner Flame              Hex/Fire       0%           100%        3
 Mephitic Cloud           Conj/Pois/Air  0%           100%        3
 Stone Arrow              Conj/Erth      0%           100%        3
 Sticky Flame             Conj/Fire      0%           100%        4
 Fireball                 Conj/Fire      0%           100%        5
 Orb of Destruction       Conj           0%           100%        7
 Spellforged Servitor     Conj/Summ      0%           100%        7


Dungeon Overview and Level Annotations

Branches:
Dungeon (13/15)            Temple (0/1) D:5             Orc (0/2) D:10
   Lair: D:8-11      Vaults: D:13-14

Altars:
Elyvilon
Fedhas
Okawaru
Qazlal
Ru
Sif Muna
Trog
Uskayaw
Wu Jian
Zin
The Shining One


Innate Abilities, Weirdness & Mutations

You reflexively headbutt those who attack you in melee.
You have a pair of horns on your head.
Your skin changes colour to match your surroundings (Stealth+).
Your muscles are strong. (Str +2)
You expend magic power (3 MP) to strengthen your wands.


Message History

GONNNNG!
The meliai stings you but does no damage.
The meliai hits you with a +0 war axe!
* * * LOW HITPOINT WARNING * * *
You block the meliai's attack.
PANG!
You hit the meliai. You freeze the meliai.
The meliai is severely wounded.
The meliai calls down the wrath of its god upon you.
Something smites you!
* * * LOW HITPOINT WARNING * * *
You block the meliai's attack.
GONNNNG!
The meliai stings you but does no damage.
Your plate armour prevents you from hitting the meliai.
The meliai is severely wounded.
Your surroundings suddenly seem different.
A howler monkey comes into view.
The manticore bites you!
You die... #..### #.......... #..... ≈ #.......... #.#### ≈≈ #.......... #y# ≈≈≈ #.h....(...
HyF

≈≈≈;#.......... .BF..
≈≈≈≈;.......... .((....
≈≈≈≈≈...................
≈≈≈≈≈..@..............[.
≈≈≈≈#...H.............^.
≈ >............
...............
...............
...##.......... ...
####+###... .. ...


You could see a manticore, a howler monkey and 2 electric eels.

Vanquished Creatures
  Erolcha (D:10)
  A hydra (D:12)
  Erica (D:10)
  Sonja (D:10)
  2 unseen horrors
  A wizard (D:13)
  2 ugly things
  A cyclops (D:13)
  Joseph (D:10)
  2 trolls
  A meliai (D:12)
  A wraith (D:10)
  A water elemental (D:13)
  3 wyverns
  A yak (D:10)
  A human (D:13)
  3 vampire mosquitoes (D:12)
  Menkaure (D:4)
  2 acid dragons (D:13)
  An orc warrior (D:7)
  An eye of draining (D:12)
  2 sky beasts
  2 phantoms
  5 ogres
  11 centaurs
  A big kobold (D:3)
  7 bullfrogs
  2 gnoll sergeants (D:7)
  A wyvern skeleton (D:11)
  4 killer bees (D:13)
  4 scorpions
  3 wights (D:8)
  A howler monkey (D:10)
  A quasit (D:10)
  3 bullfrog zombies
  A jelly (D:6)
  2 orc priests
  A hound (D:7)
  5 centaur skeletons
  9 orc wizards
  A bullfrog skeleton (D:6)
  3 iguanas
  Jessica (D:2)
  A gnoll shaman (D:9)
  2 worker ants
  2 hound zombies
  22 gnolls
  10 adders
  A shadow imp (D:7)
  3 white imps
  An ufetubus (D:9)
  An ooze (D:4)
  A dart slug (D:3)
  2 worms
  3 leopard geckos
  27 orcs
  4 giant cockroaches
  5 goblins
  6 hobgoblins
  12 jackals
  9 kobolds
  5 quokkas
  4 ball pythons
  7 bats
  5 frilled lizards
  A quokka skeleton (D:5)
  3 rats
236 creatures vanquished.

Vanquished Creatures (collateral kills)
  An orc priest (D:10)
  An orc wizard (D:9)
  An orc (D:10)
3 creatures vanquished.

Vanquished Creatures (others)
  An orc priest (D:9)
  An orc (D:10)
2 creatures vanquished.

Grand Total: 241 creatures vanquished

Notes
Turn   | Place    | Note
-------+----------+-------------------------------------------
     0 | D:1      | promet the Minotaur Fighter began the quest for the Orb.
     0 | D:1      | Reached XP level 1. HP: 19/19 MP: 0/0
   526 | D:1      | Reached XP level 2. HP: 26/27 MP: 1/1
  1620 | D:2      | Gained mutation: Your skin changes colour to match your
                  | surroundings (Stealth+). [potion of mutation]
  1620 | D:2      | Gained mutation: Your muscles are strong. (Str +2) [potion
                  | of mutation]
  1620 | D:2      | Gained mutation: You expend magic power (3 MP) to
                  | strengthen your wands. [potion of mutation]
  1663 | D:2      | Reached XP level 3. HP: 33/33 MP: 2/2
  1896 | D:2      | Reached skill level 1 in Short Blades
  2006 | D:2      | Noticed Jessica
  2017 | D:2      | Killed Jessica
  2018 | D:2      | Reached skill level 1 in Dodging
  2018 | D:2      | Reached XP level 4. HP: 40/40 MP: 3/3
  2567 | D:3      | Noticed a big kobold
  2579 | D:3      | Killed a big kobold
  2580 | D:3      | Reached skill level 1 in Slings
  2580 | D:3      | Reached XP level 5. HP: 42/46 MP: 4/4
  3442 | D:3      | Found an ornate altar of the Wu Jian Council.
  3452 | D:3      | Became a worshipper of the Wu Jian Council
  3563 | D:4      | Reached XP level 6. HP: 46/53 MP: 5/5
  3734 | D:4      | Found a white marble altar of Elyvilon.
  3811 | D:4      | Noticed Menkaure
  3820 | D:4      | Killed Menkaure
  4625 | D:5      | Entered Level 5 of the Dungeon
  4685 | D:5      | Found a stormy altar of Qazlal.
  4715 | D:5      | Reached skill level 1 in Stealth
  4746 | D:5      | Found a sacrificial altar of Ru.
  4809 | D:5      | Found a staircase to the Ecumenical Temple.
  4816 | D:5      | Reached skill level 5 in Armour
  4855 | D:5      | Reached skill level 5 in Shields
  4855 | D:5      | Reached XP level 7. HP: 60/60 MP: 6/6
  5403 | D:6      | Reached skill level 5 in Fighting
  5506 | D:6      | Reached skill level 1 in Maces & Flails
  6011 | D:7      | Reached XP level 8. HP: 69/69 MP: 7/7
  6101 | D:7      | Reached * piety under Wu Jian
  6340 | D:7      | Noticed a troll
  6358 | D:7      | Killed a troll
  6359 | D:7      | Reached skill level 1 in Throwing
  6514 | D:7      | Found an iron altar of Okawaru.
  6629 | D:7      | Found a glowing silver altar of Zin.
  6629 | D:7      | Noticed an angel
  7082 | D:8      | Reached skill level 5 in Maces & Flails
  7143 | D:8      | Reached XP level 9. HP: 73/78 MP: 8/8
  7435 | D:8      | Identified a scroll of acquirement
  7435 | D:8      | Acquired the +18 shield of the Gong {rElec rN+ Will+ EV-5}
  7436 | D:8      | Found the +18 shield of the Gong {rElec rN+ Will+ EV-5}
  7593 | D:8      | Reached ** piety under Wu Jian
  7718 | D:8      | Identified the Volume of the Known World
  7772 | D:8      | You fall into a shaft and drop 2 floors!
  7772 | D:10     | Entered Level 10 of the Dungeon
  7779 | D:10     | Noticed Sonja
  7780 | D:10     | Noticed Erica
  7884 | D:9      | Reached skill level 5 in Axes
  8079 | D:9      | Reached skill level 5 in Slings
  8163 | D:9      | Found a blossoming altar of Fedhas.
  8369 | D:9      | Found a shimmering blue altar of Sif Muna.
  8476 | D:9      | Found a hide-covered altar of Uskayaw.
  8476 | D:9      | Found a bloodstained altar of Trog.
  9090 | D:9      | Found a glowing golden altar of the Shining One.
  9377 | D:10     | Noticed a green ugly thing
  9393 | D:10     | Killed a green ugly thing
  9463 | D:10     | Found a staircase to the Orcish Mines.
  9476 | D:10     | Reached XP level 10. HP: 81/88 MP: 9/9
  9509 | D:10     | Killed Sonja
  9738 | D:10     | Killed Erica
 10070 | D:10     | Reached *** piety under Wu Jian
 10100 | D:10     | Noticed Joseph
 10110 | D:10     | Killed Joseph
 10111 | D:10     | Noticed Erolcha
 10472 | D:10     | Killed Erolcha
 10740 | D:11     | Noticed an unseen horror
 10749 | D:11     | Killed an unseen horror
 10927 | D:11     | You fall into a shaft and drop 2 floors!
 10932 | D:13     | Reached XP level 11. HP: 97/97 MP: 10/10
 10983 | D:12     | Noticed an unseen horror
 11067 | D:13     | Noticed a wizard
 11073 | D:13     | Killed a wizard
 11081 | D:13     | Noticed a seven-headed hydra
 11085 | D:12     | Noticed an eight-headed hydra
 11091 | D:12     | Killed an unseen horror
 11096 | D:12     | Killed a six-headed hydra
 11097 | D:12     | Reached skill level 10 in Fighting
 11097 | D:12     | Reached skill level 10 in Shields
 11106 | D:12     | Reached **** piety under Wu Jian
 11144 | D:12     | Reached skill level 1 in Long Blades
 11200 | D:12     | Reached skill level 10 in Axes
 11241 | D:12     | Noticed a brown ugly thing
 11250 | D:12     | Killed a brown ugly thing
 11443 | D:12     | Identified the ring of Day {rF+ MP+9 Dex+2}
 11515 | D:12     | HP: 1/101 [meliai/divine providence (13)]
 11516 | D:12     | Slain by a manticore

Illustrated notes

Levels and vault maps discovered:
D:1:      arrival_zaba_pyramid, layout_basic, minmay_misc_feat_hallway
D:2:      layout_basic, kennysheep_boxes, uniq_jessica
D:3:      layout_basic, nzn_wu_jian_council_hall
D:4:      layout_cave_pods, lemuel_round_altar, dk_rats_in_the_wall,
          uniq_menkaure
D:5:      layout_loops_ring, grunt_qazlal_clouds, minmay_temple_entry_wispy,
          basic_altar
D:6:      layout_rooms
D:7:      layout_basic, zin_angel, okawaru_trees_2, minmay_tree_intersection
D:8:      layout_basic, item_on_display_a
D:9:      layout_small_grid, tgw_sif, nicolae_tso_carved_into_rock,
          gammafunk_temple_overflow_elements, basic_altar, minivault_16,
          roderic_serpentine_path
D:10:     layout_irregular_city, orc_0_dummy, uniq_joseph, uniq_erolcha,
          uniq_sonja, uniq_erica
D:11:     layout_loops_ring, erik_lair_orcish_takeover, kennysheep_just_a_vault
D:12:     layout_basic, gauntlet_entry_generic
D:13:     layout_layer_cave, grunt_vaults_entry_tiered, serial_shops,
          nicolae_shop_statue_plus, david_defended_altar_orc, uniq_rupert

Skill      XL: |  1  2  3  4  5  6  7  8  9 10 11 |
---------------+----------------------------------+-----
Armour         | 4 5 6 7 8 |  8.0
Shields        | 4 5 6 7 9 10 | 10.6
Short Blades   | 1 2 3 4 |  4.6
Dodging        | 1 2 3 4 |  4.0
Slings         | 1 3 4 5 6 |  6.0
Fighting       | 4 5 6 8 9 10 | 10.3
Stealth        | 1 2 |  2.0
Maces & Flails | 2 5 |  5.8
Throwing       | 1 3 |  3.3
Axes           | 6 9 10 | 10.1
Long Blades    | 1 |  1.3
Evocations     | |  0.3

Action                   |  1- 3 |  4- 6 |  7- 9 | 10-12 || total
-------------------------+-------+-------+-------+-------++-------
Melee: War axe           |    15 |       |   111 |   217 ||   343
       Headbutt          |    13 |    22 |    44 |    47 ||   126
       Short sword       |    49 |   116 |     1 |       ||   166
       Morningstar       |       |       |   106 |       ||   106
       Hunting sling     |       |       |       |     1 ||     1
       Scimitar          |       |       |       |     4 ||     4
 Fire: Hunting sling     |    15 |    39 |    62 |    24 ||   140
Throw: Dart              |       |       |    12 |    21 ||    33
       Throwing net      |       |       |     1 |     1 ||     2
Invok: Lunge             |       |     2 |    13 |    16 ||    31
       Whirlwind         |       |       |     3 |    12 ||    15
       Serpent's Lash    |       |       |       |     1 ||     1
 Abil: Wall Jump         |       |       |     4 |     9 ||    13
Evoke: Wand              |       |       |     1 |    10 ||    11
  Use: Potion            |     5 |     3 |     3 |    10 ||    21
       Scroll            |     5 |     5 |     7 |     5 ||    22
 Stab: Paralysed         |       |       |     1 |       ||     1
       Distracted        |       |       |       |     1 ||     1
Armor: Scale mail        |    16 |    10 |    55 |       ||    81
       Chain mail        |    31 |    30 |     6 |    12 ||    79
       Skin              |       |    16 |       |       ||    16
       Plate armour      |       |       |       |   103 ||   103
Dodge: Dodged            |    15 |    24 |    53 |     7 ||    99
Block: Kite shield       |    39 |    56 |   166 |   307 ||   568
